 Dungeon Crawl Stone Soup version 0.25.0-11-g1f837a76a1 (webtiles) character file.

Game seed: 15910281538313818561

3600 Herczeg the Grappler (level 9, -4/89 HPs)
             Began as a Troll Monk on June 24, 2020.
             Was an Elder of Okawaru.
             Slain by a vampire (8 damage)
             ... on level 9 of the Dungeon.
             The game lasted 00:42:02 (6806 turns).

Herczeg the Grappler (Troll Monk)                   Turns: 6806, Time: 00:42:03

Health: -4/89      AC:  6    Str: 24    XL:     9   Next: 85%
Magic:  8/8        EV: 12    Int:  6    God:    Okawaru [****..]
Gold:   467        SH:  0    Dex: 12    Spells: 8/8 levels left

rFire    . . .     SeeInvis .     - Unarmed
rCold    . . .     Gourm    +   (no shield)
rNeg     . . .     Faith    .   i - +0 animal skin
rPois    .         Spirit   .   (helmet restricted)
rElec    .         Reflect  +   (no cloak)
rCorr    .         Harm     .   (gloves unavailable)
MR       .....                  (boots unavailable)
Stlth    +.........             E - amulet of reflection
HPRegen  0.64/turn              v - ring of flight
MPRegen  0.11/turn              (no ring)

@: confused
A: large, unfitting armour, claws 3, fast metabolism 3, gourmand, regeneration
1, shaggy fur 1, tough skin 3
a: Heroism, Renounce Religion, Evoke Flight


You were on level 9 of the Dungeon.
You worshipped Okawaru.
Okawaru was greatly pleased with you.
You were full.

You visited 2 branches of the dungeon, and saw 10 of its levels.

You collected 467 gold pieces.

Inventory:

Hand Weapons
 x - the +7 spear "Jeruogig" {freeze, +Fly, unknown}
   (You found it on level 4 of the Dungeon)

   It has been specially enchanted to freeze those struck by it, causing extra
   injury to most foes and up to half again as much damage against particularly
   susceptible opponents.
   It can also slow down cold-blooded creatures.
   It lets you fly.
 D - the +0 hand axe of Cataclysm {speed, *Contam rC+ Str+3, unknown}
   (You found it on level 6 of the Dungeon)

   Attacks with this weapon are significantly faster.
   It affects your strength (+3).
   It protects you from cold.
   It causes magical contamination when unequipped.
 F - a +5 quarterstaff
Missiles
 g - 169 stones (quivered)
 G - 6 boomerangs of dispersal
 I - 9 boomerangs
Armour
 a - a +0 robe
 i - a +0 animal skin (worn)
Magical Staves
 y - an uncursed staff of conjuration {unknown}
Jewellery
 v - a ring of flight (left claw)
 E - an amulet of reflection (around neck)
Wands
 h - a wand of random effects (11)
 u - a wand of flame (31)
 z - a wand of paralysis (14)
Scrolls
 c - a scroll of amnesia
 e - a scroll of blinking
 f - 2 scrolls of remove curse
 l - 8 scrolls of identify
 m - 2 scrolls of fear
 p - a scroll of fog {unknown}
 q - a scroll of magic mapping {unknown}
 r - 6 scrolls of teleportation {unknown}
 s - a scroll of enchant armour {unknown}
 A - a scroll of noise {unknown}
Potions
 d - 3 potions of brilliance {unknown}
 j - 2 potions of magic {unknown}
 k - 2 potions of flight {unknown}
 n - 2 potions of berserk rage {unknown}
 o - 3 potions of degeneration {unknown}
 t - 2 potions of haste {unknown}
 w - 4 potions of curing {unknown}
 B - a potion of heal wounds {unknown}
 C - a potion of stabbing {unknown}
 H - a potion of lignification {unknown}
Comestibles
 b - 11 rations
 J - 4 chunks of flesh


   Skills:
 + Level 5.9 Fighting
 + Level 5.3 Throwing
 + Level 5.8 Dodging
 - Level 1.0 Stealth
 * Level 9.6 Unarmed Combat


You had 8 spell levels left.
You didn't know any spells.
Your spell library was empty.

Dungeon Overview and Level Annotations

Branches:
Dungeon (9/15)             Temple (1/1) D:5             Orc (0/2) D:9
   Lair: D:8-11

Altars:
Dithmenos
Elyvilon
Gozag
Hepliaklqana
Kikubaaqudgha
Nemelex Xobeh
Okawaru
Ru
Sif Muna
Trog
Zin

Shops:
D:9 (


Innate Abilities, Weirdness & Mutations

You are too large for most types of armour.
You have claws for hands.
Your metabolism is lightning-fast.
You like to eat raw meat.
Your natural rate of healing is unusually fast.
You are covered in fur. (AC +1)
You have extremely tough skin. (AC +3)


Message History

Something draws strength from your injuries!
You scratch the orc warrior but do no damage.
The orc warrior closely misses you. Something hits you.
Something bites you but does no damage.
The orc warrior hits you from afar with a +0 trident!!
* * * LOW HITPOINT WARNING * * *
You hear some strange, mumbled words.
You are more confused.
The orc warrior hits you with a +0 trident.
* * * LOW HITPOINT WARNING * * *
Something hits you but does no damage. Something bites you but does no damage.
The orc warrior hits you from afar with a +0 trident!
* * * LOW HITPOINT WARNING * * *
You bump into the rock wall.
Something hits you!
* * * LOW HITPOINT WARNING * * *
Something bites you but does no damage.
The orc warrior hits you from afar with a +0 trident.
* * * LOW HITPOINT WARNING * * *
You bump into the rock wall.
Something hits you!
You die...

.............. .[............
#[........... #.[........#...#
...........##..# #.#..
.[......#.###..# #.........
.......##..#...### #.........
.....<(#.........####..##.....
)......(.?...###@.##..##......
...............%..............
..............(..o..........##
..........(..................#
.........##($...>.∩..(÷...(...
.##....####.((.............##.
#......# #..((.......##......
##.....# #...(.......# ......
###..<# #...##..##..# .###.


You could see an orc warrior.

Vanquished Creatures
  Joseph (D:7)
  A hippogriff (D:8)
  Sigmund (D:3)
  A wyvern (D:5)
  A hungry ghost (D:9)
  2 ice beasts
  2 orc warriors
  4 black bears
  A phantom (D:9)
  2 centaurs (D:7)
  3 ogres
  A crocodile (D:9)
  A bullfrog (D:8)
  A big kobold (D:8)
  3 scorpions
  A jelly (D:4)
  2 howler monkeys
  A bullfrog zombie (D:6)
  2 crimson imps (D:7)
  6 orc priests
  A quasit (D:8)
  5 orc wizards
  2 iguanas
  4 worker ants
  A hound skeleton (D:4)
  2 worker ant zombies
  A howler monkey skeleton (D:9)
  Robin (D:4)
  10 gnolls
  8 adders
  An adder zombie (D:6)
  2 worms
  2 leopard geckos
  37 orcs
  3 bats
  7 giant cockroaches
  16 goblins
  9 hobgoblins
  3 jackals (D:2)
  3 quokkas (D:2)
  3 ball pythons
  5 frilled lizards
  11 kobolds
  A quokka zombie (D:7)
  7 rats
182 creatures vanquished.

Vanquished Creatures (others)
  An adder (D:7)
1 creature vanquished.

Grand Total: 183 creatures vanquished

Notes
Turn   | Place    | Note
-------+----------+-------------------------------------------
     0 | D:1      | Herczeg the Troll Monk began the quest for the Orb.
     0 | D:1      | Reached XP level 1. HP: 22/22 MP: 0/0
   230 | D:1      | Reached XP level 2. HP: 29/29 MP: 1/1
   591 | D:2      | Reached XP level 3. HP: 36/36 MP: 2/2
   716 | D:2      | Reached skill level 4 in Unarmed Combat
  1140 | D:3      | Reached XP level 4. HP: 30/44 MP: 3/3
  1178 | D:3      | Noticed Sigmund
  1213 | D:3      | Killed Sigmund
  1213 | D:3      | Reached skill level 1 in Throwing
  1213 | D:3      | Reached XP level 5. HP: 24/53 MP: 4/4
  1340 | D:3      | Reached skill level 5 in Unarmed Combat
  1393 | D:3      | Reached XP level 6. HP: 58/61 MP: 5/5
  2015 | D:4      | Got a transparent spear
  2405 | D:4      | Found an ancient bone altar of Kikubaaqudgha.
  2411 | D:4      | Noticed Robin
  2454 | D:4      | Killed Robin
  2772 | D:5      | Entered Level 5 of the Dungeon
  2838 | D:5      | Found a staircase to the Ecumenical Temple.
  2846 | Temple   | Entered the Ecumenical Temple
  2852 | Temple   | Became a worshipper of Warmaster Okawaru
  2852 | Temple   | Reached * piety under Okawaru
  2852 | Temple   | Reached ** piety under Okawaru
  2865 | D:5      | Reached XP level 7. HP: 62/68 MP: 6/6
  2974 | D:5      | Reached skill level 6 in Unarmed Combat
  3114 | D:5      | Noticed a wyvern
  3125 | D:5      | Killed a wyvern
  3716 | D:6      | Reached XP level 8. HP: 59/78 MP: 7/7
  3800 | D:6      | Reached skill level 7 in Unarmed Combat
  3887 | D:6      | Found a hazy altar of Hepliaklqana.
  3993 | D:6      | Found a white marble altar of Elyvilon.
  4056 | D:6      | Got a twisted hand axe
  4519 | D:7      | Noticed Joseph
  4529 | D:7      | Killed Joseph
  4529 | D:7      | Reached *** piety under Okawaru
  4665 | D:7      | Reached skill level 8 in Unarmed Combat
  4695 | D:7      | Reached skill level 5 in Fighting
  4756 | D:7      | Reached skill level 5 in Dodging
  4756 | D:7      | Reached XP level 9. HP: 71/88 MP: 8/8
  5058 | D:7      | Received a gift from Okawaru
  5097 | D:7      | Found a glowing silver altar of Zin.
  5098 | D:7      | Found an opulent altar of Gozag.
  5148 | D:7      | Found a bloodstained altar of Trog.
  5338 | D:7      | Found a sacrificial altar of Ru.
  5844 | D:8      | Reached **** piety under Okawaru
  5963 | D:8      | Reached skill level 9 in Unarmed Combat
  6326 | D:8      | Found a shimmering blue altar of Sif Muna.
  6389 | D:9      | Reached skill level 5 in Throwing
  6758 | D:9      | Found a staircase to the Orcish Mines.
  6761 | D:9      | Found Hixzioj's Weapon Emporium.
  6805 | D:9      | HP: 4/89 [something (8)]
  6806 | D:9      | Slain by a vampire

Illustrated notes

Levels and vault maps discovered:
D:1:      scummos_arrival_simple_fountains, layout_rooms
D:2:      layout_rooms
D:3:      layout_rooms, kennysheep_generic_room_7, uniq_sigmund
D:4:      layout_basic, kiku_gazebo_pond_becter, first_ration, uniq_robin
D:5:      layout_gridville, minmay_temple_entry_junction
D:6:      layout_basic, basic_altar, elyvilon_altar_3
D:7:      layout_loops_cross, grunt_temple_overflow_gold_and_silver,
          trog_ov_bears_minmay, hangedman_ru_absence, lemuel_flame_loot_1,
          uniq_joseph
D:8:      layout_gridville, led_sif_pool
D:9:      layout_cave_pools, orc_david_3, serial_shops, kennysheep_little_box,
          hangedman_pestilent_swarm
Temple:   eino_wide_crystal_templ

Skill      XL: |  1  2  3  4  5  6  7  8  9 |
---------------+----------------------------+-----
Unarmed Combat | 4 5 6 8 9 |  9.6
Fighting       | 3 4 5 |  5.9
Throwing       | 1 2 3 4 5 |  5.3
Dodging        | 3 4 5 |  5.8
Stealth        | |  1.0

Action                   |  1- 3 |  4- 6 |  7- 9 || total
-------------------------+-------+-------+-------++-------
Melee: Unarmed           |    90 |   123 |   289 ||   502
       Punch             |       |     3 |     5 ||     8
Throw: Stone             |     6 |    27 |   123 ||   156
Evoke: Wand              |       |     3 |     2 ||     5
  Use: Scroll            |       |       |     4 ||     4
 Stab: Sleeping          |     3 |     2 |     1 ||     6
  Eat: Chunk             |    16 |    15 |    37 ||    68
Armor: Robe              |    30 |    18 |       ||    48
       Animal skin       |       |     5 |    63 ||    68
Dodge: Dodged            |    42 |    61 |   175 ||   278
Block: Other             |       |       |    47 ||    47
       Reflection        |       |       |     7 ||     7
